 Dungeon Crawl Stone Soup version 0.31-a0-1300-gb6740aa4e6 (webtiles) character file.

Game seed: 12695725822852924744

343 Iich the Chopper (level 6, -12/53 HPs)
             Began as a Demonspawn Fighter on Dec 18, 2023.
             Mangled by a kobold brigand
             ... wielding a +0 whip of electrocution
              (17 damage)
             ... on level 5 of the Dungeon.
             The game lasted 00:04:48 (2383 turns).

Iich the Chopper (Demonspawn Fighter)               Turns: 2383, Time: 00:04:50

Health: -12/53     AC:  6    Str: 15 (17) XL:     6   Next: 31%
Magic:  6/6        EV: 10    Int:  5 (7)  God:
Gold:   63         SH:  5    Dex: 16 (17) Spells: 5/5 levels left

rFire   + . .        a - +1 war axe
rCold   + . .        c - +0 buckler
rNeg    . . .        b - +0 scale mail
rPois   .            (no helmet)
rElec   .            m - scarf {rC+ rF+}
rCorr   .            (no gloves)
SInv    .            (no boots)
Will    .....        j - amulet of the acrobat Stlth
                     (no ring)
HPRegen 0.28/turn    (no ring)
MPRegen 0.10/turn

%: acrobat
@: no status effects
A: ignite blood 1, powered by pain 3, agile 1, robust 1
a: no special abilities


You were on level 5 of the Dungeon.
You visited 1 branch of the dungeon, and saw 4 of its levels.

You collected 63 gold pieces.

Inventory:

Hand Weapons
 a - a +1 war axe (weapon)
Armour
 b - a +0 scale mail (worn)
 c - a +0 buckler (worn)
 m - a scarf of resistance (worn)
Jewellery
 h - an amulet of faith
 j - an amulet of the acrobat (around neck)
Scrolls
 d - a scroll of vulnerability {unknown}
 e - a scroll of revelation {unknown}
 f - a scroll of noise {unknown}
 g - a scroll of identify {unknown}
 i - a scroll of enchant weapon
 k - a scroll of silence
 t - a scroll of teleportation
Potions
 n - a potion of brilliance {unknown}
 o - a potion of haste {unknown}


   Skills:
 + Level 4.3 Fighting
 * Level 4.4 Axes
 - Level 2.6 Armour
 + Level 2.6 Dodging
 - Level 2.6 Shields


You had 5 spell levels left.
You didn't know any spells.
Your spell library was empty.

Dungeon Overview and Level Annotations

Branches:
Dungeon (3/15)

Altars:


Innate Abilities, Weirdness & Mutations

Your demonic aura sometimes causes spilled blood to erupt in flames.
You are powered by pain.
You are agile. (Dex +4, Str/Int -1)
You are robust. (+10% HP)


Message History

You are no longer poisoned.
The scorpion stings you.
* * * LOW HITPOINT WARNING * * *
The kobold brigand hits you but does no damage.
You block the scorpion's attack.
You take 6 damage, and have 19/53 hp.
You hit the scorpion.
The scorpion is heavily wounded.
You closely miss the kobold brigand.
The kobold brigand hits you with a +0 whip of electrocution!
* * * LOW HITPOINT WARNING * * *
The scorpion closely misses you. The kobold brigand barely misses you.
Unknown command.
You take 7 damage, and have 12/53 hp.
Sorry, you're not good enough to have a special ability.
Okay, then.
You feel better.
The scorpion stings you but does no damage.
The kobold brigand misses you. The scorpion stings you.
* * * LOW HITPOINT WARNING * * *
You regained 2 hp, and now have 14/53 hp.
You hit the scorpion but do no damage.
The scorpion is moderately wounded.
You slash the kobold brigand! The scorpion closely misses you.
The kobold brigand hits you with a +0 whip of electrocution.
* * * LOW HITPOINT WARNING * * *
You take 6 damage, and have 8/53 hp.
You hit the scorpion.
The scorpion is heavily wounded.
You hit the kobold brigand but do no damage.
The scorpion stings you but does no damage.
You block the kobold brigand's attack.
The scorpion stings you but does no damage.
You hit the scorpion.
The scorpion is severely wounded.
You closely miss the kobold brigand.
The kobold brigand hits you with a +0 whip of electrocution.
* * * LOW HITPOINT WARNING * * *
You are electrocuted!
You die...

.# # .## . #. #.. ###.
...########.# ....
..(.....#..# ....
.........# ##....
#..##.)K..### ##.....
#....s@)....#####......
#.................†.##.
...######............#
. ##...#######.# #...#
.# #...# .# ##..# ..
...# .# ..... ##


You could see a kobold brigand and a scorpion.

Vanquished Creatures
  Sigmund (D:2)
  A scorpion (D:2)
  A hound (D:5)
  2 adders (D:2)
  4 worms
  2 dart slugs
  An orc (D:3)
  7 endoplasms
  2 giant cockroaches
  6 goblins (D:1)
  3 hobgoblins (D:1)
  8 kobolds
  5 quokkas
  6 ball pythons
  5 bats
  2 frilled lizards (D:2)
  A rat (D:2)
57 creatures vanquished.

Notes
Turn   | Place    | Note
-------+----------+-------------------------------------------
     0 | D:1      | Iich the Demonspawn Fighter began the quest for the Orb.
     0 | D:1      | Reached XP level 1. HP: 18/18 MP: 1/1
    49 | D:1      | Gained mutation: You sometimes gain a little power by
                  | taking damage. [demonic ancestry]
    49 | D:1      | Reached XP level 2. HP: 16/24 MP: 2/2
   231 | D:1      | Reached skill level 1 in Dodging
   415 | D:1      | Reached XP level 3. HP: 29/29 MP: 3/3
   618 | D:2      | Noticed a scorpion
   626 | D:2      | Killed a scorpion
   627 | D:2      | Gained mutation: Your demonic aura sometimes causes spilled
                  | blood to erupt in flames. [demonic ancestry]
   627 | D:2      | Reached XP level 4. HP: 24/37 MP: 4/4
   786 | D:2      | Noticed Sigmund
   919 | D:2      | Gained mutation: You are vulnerable to cold. (rC-) [potion
                  | of mutation]
   919 | D:2      | Gained mutation: You are agile. (Dex +4, Str/Int -1)
                  | [potion of mutation]
   919 | D:2      | Gained mutation: You possess an exceptional clarity of
                  | mind. [potion of mutation]
   919 | D:2      | Gained mutation: You are very agile. (Dex +8, Str/Int -2)
                  | [potion of mutation]
  1730 | D:2      | Killed Sigmund
  1731 | D:2      | Gained mutation: You sometimes gain power by taking damage.
                  | [demonic ancestry]
  1731 | D:2      | Reached XP level 5. HP: 10/42 MP: 5/5
  1731 | D:2      | Gained mutation: You are powered by pain. [demonic
                  | ancestry]
  1731 | D:2      | Reached XP level 6. HP: 11/48 MP: 6/6
  1900 | D:2      | Lost mutation: You possess an exceptional clarity of mind.
                  | [potion of mutation]
  1900 | D:2      | Lost mutation: You are vulnerable to cold. (rC-) [potion of
                  | mutation]
  1900 | D:2      | Lost mutation: You are very agile. (Dex +8, Str/Int -2)
                  | [potion of mutation]
  1900 | D:2      | Gained mutation: You are robust. (+10% HP) [potion of
                  | mutation]
  2342 | D:3      | You fall into a shaft and drop 2 floors!
  2342 | D:5      | Entered Level 5 of the Dungeon
  2383 | D:5      | Mangled by a kobold brigand

Illustrated notes

Levels and vault maps discovered:
D:1:      shiori_arrival_maze, layout_rooms
D:2:      layout_loops_ring, serial_forest, infiniplex_forest_fountain,
          infiniplex_forest_straight_1, infiniplex_forest_lined_4_way,
          infiniplex_forest_clump_tiny, minmay_split_cup_small, uniq_sigmund
D:3:      layout_basic
D:5:      lemuel_ratsnest, layout_layer_cave, cheibrodos_sewer_entry_drain

Skill      XL: |  1  2  3  4 |
---------------+-------------+-----
Axes           | 2 3 4 |  4.4
Dodging        | 1 2 |  2.6
Fighting       | 4 |  4.3
Armour         | |  2.6
Shields        | |  2.6

Action                     |  1- 3 |  4- 6 || total
---------------------------+-------+-------++-------
  Melee: War axe           |    93 |    94 ||   187
    Use: Potion            |     2 |     8 ||    10
         Scroll            |       |     3 ||     3
 Armour: Scale mail        |    71 |    74 ||   145
  Dodge: Dodged            |    48 |    47 ||    95
  Block: Buckler           |    18 |    30 ||    48

Table legend: (Time is in decaauts)
 A = Elapsed time spent in this place.
 B = Non-inter-level travel time spent in this place.
 C = Inter-level travel time spent in this place.
 D = Time resting spent in this place.
 E = Time spent auto-exploring this place.
 F = Levels seen in this place.
 G = Mean time per level.
                   A        B        C        D        E       F      G
               +--------+--------+--------+--------+--------+-----+--------+
         Total |   2455 |   2415 |     40 |    447 |   1397 |   4 |  613.8 |
       Dungeon |   2455 |   2415 |     40 |    447 |   1397 |   4 |  613.8 |
               +--------+--------+--------+--------+--------+-----+--------+

Top non-repeatable levels by time:
     D:2: 1145 daAuts
     D:1: 910 daAuts
     D:3: 352 daAuts
     D:5: 47 daAuts
